 Seeded DCSS version 0.30.0-29-ga12c61a403 (webtiles) character file.

Game seed: 14673204648628227727 (custom seed)

101544 McKennaii the Devastator (level 15, -15/99 HPs)
             Began as a Demigod Conjurer on June 11, 2023.
             Killed by the air
             ... invoked by a wind drake
              (32 damage)
             ... on level 1 of the Shoals.
             The game lasted 01:06:48 (37675 turns).

McKennaii the Devastator (Demigod Conjurer)        Turns: 37675, Time: 01:06:48

Health: -15/99     AC:  8    Str: 14    XL:     15   Next: 37%
Magic:  13/39      EV: 16    Int: 45    God:
Gold:   3697       SH:  0    Dex: 10    Spells: 15/44 levels left

rFire   + + +        f - staff of conjuration
rCold   + + .        (no shield)
rNeg    . . .        S - +3 leather armour {rF+}
rPois   +            a - +0 hat {Int+3}
rElec   +            V - scarf {rC+ rF+}
rCorr   .            R - +0 pair of gloves
SInv    .            T - +0 pair of boots
Will    ++...        Y - amulet "Billeorch" {RegenMP Harm Rampage rF+}
Stlth   +            v - ring "Jibeib" {rElec EV+5 Str+2 Int+6 Dex-2}
HPRegen 0.36/turn    U - ring "Zovafu" {rPois rC+ Will+}
MPRegen 0.66/turn

%: harm (+30% outgoing, +20% incoming), rampage
@: very slow
A: high MP 1, forlorn, divine attributes
a: no special abilities


You were on level 1 of the Shoals.
You visited 4 branches of the dungeon, and saw 23 of its levels.
You also visited: Ossuary, Ice Cave and Volcano.

You collected 3877 gold pieces.
You spent 180 gold pieces at shops.

Inventory:

Missiles
 c - 4 throwing nets
Armour
 a - a +0 hat of intelligence (worn)
 R - a +0 pair of gloves (worn)
 S - a +3 leather armour of fire resistance (worn)
 T - a +0 pair of boots (worn)
 V - a scarf of resistance (worn)
 X - a +1 tower shield of reflection
Magical Staves
 f - a staff of conjuration (weapon)
 p - a staff of earth
Jewellery
 m - a ring of protection from cold
 v - the ring "Jibeib" (left hand) {rElec EV+5 Str+2 Int+6 Dex-2}
   (You acquired it on level 15 of the Dungeon)

   [ring of evasion]

   EV:        It affects your evasion (+5).
   Str:       It affects your strength (+2).
   Int:       It affects your intelligence (+6).
   Dex:       It affects your dexterity (-2).
   rElec:     It insulates you from electricity.
 P - a ring of willpower
 U - the ring "Zovafu" (right hand) {rPois rC+ Will+}
   (You acquired it on level 5 of the Lair of Beasts)

   [ring of poison resistance]

   rC:        It protects you from cold.
   rPois:     It protects you from poison.
   Will:      It increases your willpower.
 Y - the amulet "Billeorch" (around neck) {RegenMP Harm Rampage rF+}
   (You acquired it on level 15 of the Dungeon)

   [amulet of magic regeneration]

   It increases your rate of magic regeneration.
   rF:        It protects you from fire.
   Harm:      It increases damage dealt and taken.
   Rampage:   It bestows one free step when moving towards enemies.
Wands
 x - a wand of mindburst (19)
 z - a wand of light (9)
 F - a wand of polymorph (14)
 I - a wand of paralysis (31)
 Q - a wand of iceblast (16)
Scrolls
 d - 3 scrolls of enchant weapon
 e - 5 scrolls of enchant armour
 h - 2 scrolls of vulnerability
 i - 6 scrolls of teleportation
 o - 6 scrolls of summoning
 y - 5 scrolls of immolation
 A - 2 scrolls of torment {unknown}
 D - 3 scrolls of silence {unknown}
 E - 4 scrolls of fog {unknown}
 G - 5 scrolls of poison {unknown}
 H - 6 scrolls of magic mapping {unknown}
 K - a scroll of brand weapon {unknown}
 M - 2 scrolls of blinking {unknown}
 O - 3 scrolls of fear {unknown}
 W - 2 scrolls of amnesia {unknown}
 Z - 2 scrolls of identify
Potions
 b - 3 potions of magic
 g - 8 potions of might
 k - 6 potions of flight
 l - 6 potions of mutation
 q - 12 potions of degeneration
 r - 3 potions of brilliance
 s - a potion of berserk rage
 t - 11 potions of curing
 u - 6 potions of haste
 w - 3 potions of cancellation
 B - 4 potions of lignification
 C - 11 potions of ambrosia
 J - 5 potions of attraction
 L - 2 potions of resistance
 N - 4 potions of heal wounds


   Skills:
 - Level 4.0 Armour
 - Level 1.7 Dodging
 - Level 1.7 Stealth
 + Level 15.4 Spellcasting
 + Level 16.9 Conjurations
 + Level 11.8 Earth Magic


You had 15 spell levels left.
You knew the following spells:

 Your Spells              Type           Power      Damage    Failure   Level
a - Magic Dart            Conj           100%       1d8       0%          1
b - Searing Ray           Conj           100%       2d8       0%          2
c - Iskenderun's Mystic   Conj/Tloc      100%       2d19      1%          4
d - Lee's Rapid Deconstr  Erth           48%        3d23*     1%          5
e - Lehudib's Crystal Sp  Conj/Erth      64%        10d15     16%         8
f - Freezing Cloud        Conj/Ice/Air   45%        6-21      2%          5
g - Petrify               Tmut/Erth      73%        N/A       1%          4

Your spell library contained the following spells:

 Spells                   Type           Power      Damage    Failure   Level
 Foxfire                  Conj/Fire      100%       2x1d9     1%          1
 Freeze                   Ice            100%       1d10      1%          1
 Kiss of Death            Conj/Necr      100%       2d13      1%          1
 Necrotise                Necr           100%       1d9       1%          1
 Blink                    Tloc           68%        N/A       1%          2
 Cigotuvi's Dreadful Rot  Necr/Pois/Air  68%        N/A       1%          2
 Lesser Beckoning         Tloc           68%        N/A       1%          2
 Momentum Strike          Conj/Tloc      100%       3d10      1%          2
 Poisonous Vapours        Pois/Air       68%        N/A       1%          2
 Scorch                   Fire           68%        2d8       1%          2
 Sublimation of Blood     Necr           34%        N/A       1%          2
 Dazzling Flash           Conj/Hex       100%       N/A       1%          3
 Hailstorm                Conj/Ice       100%       3d20      1%          3
 Mephitic Cloud           Conj/Pois/Air  91%        N/A       1%          3
 Flame Wave               Conj/Fire      100%       2d21      1%          4
 Fulminant Prism          Conj/Hex       52%        3d22      1%          4
 Leda's Liquefaction      Hex/Erth       36%        N/A       1%          4
 Fireball                 Conj/Fire      52%        3d20      1%          5
 Irradiate                Conj/Tmut      52%        3d29      1%          5
 Call Canine Familiar     Summ           34%        N/A       2%          3
 Confusing Touch          Hex            34%        N/A       2%          3
 Frozen Ramparts          Ice            68%        1d11      2%          3
 Portal Projectile        Hex/Tloc       68%        N/A       2%          3
 Spider Form              Tmut/Pois      34%        N/A       2%          3
 Tukima's Dance           Hex            34%        N/A       2%          3
 Vampiric Draining        Necr           34%        2d8       2%          3
 Volatile Blastmotes      Fire/Tloc      68%        2d15      2%          3
 Starburst                Conj/Fire      52%        6d14      4%          6
 Dispel Undead            Necr           34%        3d15      9%          4
 Passage of Golubria      Tloc           34%        N/A       9%          4
 Agony                    Necr           34%        N/A       24%         5
 Blade Hands              Tmut           17%        N/A       24%         5
 Silence                  Hex/Air        17%        N/A       24%         5
 Plasma Beam              Fire/Air       17%        2x1d31    80%         6
 Summon Cactus Giant      Summ           17%        N/A       80%         6


Dungeon Overview and Level Annotations

Branches:
Dungeon (15/15)            Temple (0/1) D:4            Lair (5/5) D:10
 Shoals (1/4) Lair:3       Spider (0/4) Lair:2        Slime (0/5) Lair:4
    Orc (2/2) D:9             Elf (0/3) Orc:2        Vaults (0/5) D:14
 Depths (0/4) D:15        Ossuary (visited)           IceCv (visited)
Volcano (visited)

Shops:
D:8 (   D:9 (   Orc:2 [((*

Annotations:
Lair:4 2 transporters, Kuerar's ghost, journeyman BaFi
Lair:5 3 runed translucent doors, Tinylith's ghost, journeyman DsFi
Shoals:1 1 runed translucent door, Peloso's ghost, adept MiFi


Innate Abilities, Weirdness & Mutations

You have an increased reservoir of magic. (+10% MP)
You shall have no god before yourself.
Your divine heritage dramatically boosts your attributes as you level up.


Message History

Casting: Iskenderun's Mystic Blast (safe; 1% risk of failure)
Confirm with . or Enter, or press ? or * to list all spells.
Aiming: Freezing Cloud (dangerous; 2% risk of failure)
Press: ? - help, Dir - move target You feel a surge of power!
Splash!
You fall into the shallow water.
Moving in this stuff is going to be slow.
A nearby plant withers and dies. x6
The wind drake is engulfed in freezing vapours. x2
The wind drake flaps its wings at you. The air twists around and strikes you!
You are too injured to fight recklessly!
Unknown command.
Casting: Freezing Cloud (dangerous; 2% risk of failure)
Confirm with . or Enter, or press ? or * to list all spells.
You can't see any susceptible monsters within range! (Use Z to cast anyway.)
A nearby plant withers and dies. x7
The wind drake is engulfed in freezing vapours.
The wind drake flaps its wings at you. The air twists around and strikes you!!
* * * LOW HITPOINT WARNING * * *
Casting: Freezing Cloud (dangerous; 2% risk of failure)
Confirm with . or Enter, or press ? or * to list all spells.
Aiming: Petrify (mildly dangerous; 1% risk of failure)
Press: ? - help, Shift-Dir - straight line, f - wind drake
Aim: a wind drake (freezing vapour, heavily wounded, repelling missiles, chance to affect: 65%)
The wind drake struggles to resist.
The wind drake is engulfed in freezing vapours.
Unknown command.
Casting: Petrify (mildly dangerous; 1% risk of failure)
Confirm with . or Enter, or press ? or * to list all spells.
Aiming: Petrify (mildly dangerous; 1% risk of failure)
Press: ? - help, Shift-Dir - straight line, f/p - wind drake
Aim: a wind drake (freezing vapour, severely wounded, repelling missiles, chance to affect: 65%)
The wind drake struggles to resist.
The wind drake is engulfed in freezing vapours.
The wind drake flaps its wings at you. The air twists around and strikes you!!
You die...

..≈≈≈≈~..#.......~~~..
..~≈~~~..........~~~~.
#.~~≈~...........~~~~~
###...~~~..#.......~~~~~
......~~~..#.......~~~~~
.§§§§.~~~~..........~~~~
.§§§.~.~~..#........~~~~
#§.~..~..#.P>..##+##~.
.##...@~...P....#W:$#..
....P..~~~.......#♣8♣#..
......~~~~~~~....#####..
.§§§~~~P~~~P~~~.~~..~~..
.§§k~~~~~≈P~~~~~~~)~~~~.
~§§§~PP~~≈≈≈≈~~~≈~~~~~~~
~~~~~~~≈≈≈≈≈≈≈≈≈≈≈~.~~~~
≈~~~~≈≈≈≈≈≈≈≈≈≈≈≈≈~~~≈≈~
≈≈≈≈≈≈≈≈≈≈≈≈≈≈≈≈≈≈≈≈≈≈~


You could see a wind drake (repels missiles).

Vanquished Creatures
  Jorgrun (D:14)
  Louise (D:15)
  A caustic shrike zombie (D:15)
  An orc warlord (Orc:1)
  A merfolk impaler (Shoals:1)
  The ghost of IndexError the Ignorant, a journeyman DrCj of Sif Muna (Orc:2)
  8 vault guards
  8 hydras
  An ogre mage (D:13)
  4 two-headed ogres
  5 boulder beetles
  6 centaur warriors
  An orc high priest (Orc:2)
  A hell knight (Volcano)
  3 skeletal warriors
  2 skysharks (Shoals:1)
  4 sea snakes (Shoals:1)
  A flayed ghost (D:15)
  Pikel (D:5)
  A bog body (IceCv)
  A lindwurm (Lair:4)
  An obsidian statue (Volcano)
  2 necromancers
  A deep elf pyromancer (D:15)
  5 orc knights
  An orc sorcerer (Orc:2)
  5 cyclopes
  28 ugly things
  7 manticores
  9 elephants
  2 ice statues (IceCv)
  2 black mambas
  A stone giant skeleton (D:15)
  2 merfolk sirens
  3 gargoyles
  Maggie (D:9)
  9 cane toads
  A yaktaur (Volcano)
  7 komodo dragons
  4 rime drakes
  7 ice devils (IceCv)
  2 anaconda simulacra (IceCv)
  2 tengu conjurers (D:13)
  7 trolls
  6 merfolk
  A queen bee (D:14)
  3 meliai (D:14)
  A wind drake (Shoals:1)
  6 polar bears (Lair:5)
  Grinder (D:5)
  7 hornets
  An ettin zombie (D:15)
  10 slime creatures
  A spriggan skeleton (D:15)
  A shadow (D:10)
  Sigmund (D:5)
  4 vampires
  10 spriggans (Lair:5)
  5 wyverns
  3 dire elephant simulacra (IceCv)
  6 basilisks
  4 fire bats (Volcano)
  21 yaks
  2 steam dragons (D:8)
  6 vampire mosquitoes
  A death yak simulacrum (IceCv)
  2 acid dragons
  3 wargs
  Menkaure (D:5)
  4 harpy simulacra (IceCv)
  A hydra simulacrum (IceCv)
  15 water moccasins
  A black bear (shapeshifter) (D:14)
  33 orc warriors
  7 ice beasts
  6 black bears
  2 sky beasts
  4 boggarts (Lair:5)
  2 lemures (D:5)
  19 wolves
  11 ogres
  11 centaurs
  A phantom (D:6)
  2 gnoll sergeants
  3 kobold brigands
  11 bullfrogs
  4 scorpions
  8 wights (D:7)
  25 killer bees
  3 electric eels (Lair:4)
  3 howler monkeys (D:6)
  3 centaur zombies
  6 lava snakes (Volcano)
  A jelly (D:4)
  23 orc priests
  A hound (D:6)
  A human zombie (Ossuary)
  3 gnoll boudas
  5 iguanas
  Jessica (D:2)
  2 sleepcaps
  Natasha (thrice) (D:2)
  26 orc wizards
  A wolf simulacrum (IceCv)
  A spriggan simulacrum (IceCv)
  5 mummies (Ossuary)
  24 gnolls
  A naga simulacrum (IceCv)
  2 adders (D:5)
  4 white imps
  2 ufetubi
  2 dart slugs
  120 orcs
  4 bats
  7 endoplasms
  2 giant cockroaches
  3 gnoll zombies (Ossuary)
  11 goblins
  3 hobgoblins
  9 jackals
  24 kobolds
  2 quokkas (D:2)
  9 ball pythons
  4 frilled lizards
  2 goblin zombies (D:8)
  A hobgoblin zombie (Ossuary)
  A kobold zombie (Ossuary)
  An orc zombie (Ossuary)
  5 rats
770 creatures vanquished.

Vanquished Creatures (others)
  An unseen horror (D:13)
1 creature vanquished.

Grand Total: 771 creatures vanquished

Notes
Turn   | Place    | Note
-------+----------+-------------------------------------------
     0 | D:1      | McKennaii the Demigod Conjurer began the quest for the Orb.
     0 | D:1      | Reached XP level 1. HP: 14/14 MP: 5/5
   376 | D:1      | Reached XP level 2. HP: 20/20 MP: 4/7
   538 | D:1      | Reached skill level 4 in Conjurations
  1075 | D:1      | Reached XP level 3. HP: 26/26 MP: 4/9
  1402 | D:2      | Noticed Jessica
  1406 | D:2      | Killed Jessica
  2121 | D:2      | Noticed Natasha
  2126 | D:2      | Killed Natasha
  2127 | D:2      | Reached XP level 4. HP: 33/33 MP: 5/11
  2130 | D:2      | Learned a level 2 spell: Searing Ray
  2411 | D:2      | Noticed Natasha
  2416 | D:2      | Killed Natasha
  2422 | D:2      | Noticed Natasha
  2431 | D:2      | Killed Natasha
  2669 | D:3      | Reached skill level 5 in Conjurations
  2669 | D:3      | Reached XP level 5. HP: 31/38 MP: 4/13
  3501 | D:4      | Noticed an ogre
  3506 | D:4      | Killed an ogre
  3604 | D:4      | Reached XP level 6. HP: 38/45 MP: 7/15
  4251 | D:4      | Reached skill level 6 in Conjurations
  4292 | D:4      | Found a staircase to the Ecumenical Temple.
  4625 | D:5      | Entered Level 5 of the Dungeon
  4649 | D:5      | Reached XP level 7. HP: 42/50 MP: 8/17
  4654 | D:5      | Learned a level 4 spell: Iskenderun's Mystic Blast
  4790 | D:5      | Reached skill level 5 in Spellcasting
  4944 | D:5      | Noticed Sigmund
  4968 | D:5      | Killed Sigmund
  5016 | D:5      | Reached skill level 7 in Conjurations
  5204 | D:5      | Noticed Menkaure
  5211 | D:5      | Killed Menkaure
  5219 | D:5      | Noticed Pikel
  5234 | D:5      | Killed Pikel
  5235 | D:5      | Reached XP level 8. HP: 30/57 MP: 0/21
  5400 | D:5      | Reached skill level 8 in Conjurations
  5553 | D:5      | Noticed Grinder
  5554 | D:5      | Paralysed by Grinder for 4 turns
  5562 | D:5      | Paralysed by Grinder for 3 turns
  5568 | D:5      | Killed Grinder
  6313 | D:6      | Reached XP level 9. HP: 62/62 MP: 18/24
  6747 | D:6      | Reached skill level 9 in Conjurations
  7898 | D:7      | Reached skill level 10 in Conjurations
  8542 | D:8      | Found a sand-covered staircase.
  8557 | Ossuary  | Entered an ossuary
  8921 | Ossuary  | Reached XP level 10. HP: 66/69 MP: 17/27
  9289 | D:8      | Learned a level 5 spell: Lee's Rapid Deconstruction
  9530 | D:8      | Found Fioqesk's Weapon Shop.
 10183 | D:9      | Reached skill level 11 in Conjurations
 10591 | D:9      | Found a staircase to the Orcish Mines.
 10655 | D:9      | Noticed Maggie
 10668 | D:9      | Killed Maggie
 10872 | D:9      | Reached skill level 10 in Spellcasting
 11364 | D:9      | Found Waerici's Antique Weapon Boutique.
 11445 | D:9      | Noticed a boulder beetle
 11798 | D:10     | Entered Level 10 of the Dungeon
 12198 | D:10     | Found a staircase to the Lair.
 12208 | D:10     | Paralysed by a hornet for 2 turns
 12215 | D:10     | Reached skill level 12 in Conjurations
 12284 | D:10     | Reached XP level 11. HP: 74/74 MP: 23/30
 13097 | Lair:1   | Entered Level 1 of the Lair of Beasts
 13255 | Lair:1   | Noticed a boulder beetle
 13536 | Lair:1   | Killed a boulder beetle
 13683 | Lair:1   | Learned a level 5 spell: Freezing Cloud
 14813 | Lair:2   | Noticed an eight-headed hydra
 14819 | Lair:2   | Reached skill level 1 in Earth Magic
 14966 | Lair:2   | Killed an eight-headed hydra
 15100 | Lair:2   | Reached skill level 13 in Conjurations
 15249 | Lair:2   | Found a hole to the Spider Nest.
 16003 | Lair:3   | Noticed a six-headed hydra
 16011 | Lair:3   | Killed a six-headed hydra
 16012 | Lair:3   | Reached XP level 12. HP: 54/81 MP: 1/32
 16220 | Lair:3   | Learned a level 4 spell: Petrify
 16660 | Lair:3   | Noticed a five-headed hydra
 16898 | Lair:3   | Killed a five-headed hydra
 16899 | Lair:3   | Reached skill level 5 in Earth Magic
 17125 | Lair:3   | Found a staircase to the Shoals.
 17534 | Lair:4   | Noticed an eight-headed hydra
 17535 | Lair:4   | Found a transporter.
 17537 | Lair:4   | Found a dark tunnel.
 17539 | Lair:4   | Killed an eight-headed hydra
 17544 | Lair:4   | Noticed a five-headed hydra
 17556 | Lair:4   | Killed a five-headed hydra
 17595 | Volcano  | Entered a volcano
 18011 | Volcano  | Reached skill level 14 in Conjurations
 18127 | Volcano  | Noticed a centaur warrior
 18133 | Volcano  | Killed a centaur warrior
 18382 | Lair:4   | Found a staircase to the Slime Pits.
 18884 | Lair:4   | Found a transporter.
 18885 | Lair:4   | Noticed Kuerar's ghost (journeyman BaFi)
 19350 | Lair:5   | Entered Level 5 of the Lair of Beasts
 19352 | Lair:5   | Noticed a boulder beetle
 19395 | Lair:5   | Killed a boulder beetle
 19525 | Lair:5   | Noticed a five-headed hydra
 19686 | Lair:5   | Killed a five-headed hydra
 20332 | Lair:5   | Reached XP level 13. HP: 86/86 MP: 12/35
 21126 | Lair:5   | Found a runed translucent gate.
 21126 | Lair:5   | Found a runed translucent gate.
 21126 | Lair:5   | Found a runed translucent gate.
 21127 | Lair:5   | Noticed Tinylith's ghost (journeyman DsFi)
 22050 | Lair:5   | Got the Anthology of the Unemployed Unperson
 22459 | Lair:5   | Identified 4 scrolls of acquirement
 22459 | Lair:5   | Acquired the ring "Zovafu" {rPois rC+ Will+}
 22935 | D:11     | Reached skill level 15 in Conjurations
 23050 | D:11     | You fall into a shaft and drop 1 floor!
 23056 | D:12     | Found a frozen archway.
 23061 | IceCv    | Entered an ice cave
 25320 | Orc:1    | Entered Level 1 of the Orcish Mines
 26563 | Orc:2    | Entered Level 2 of the Orcish Mines
 26563 | Orc:2    | Found a staircase to the Elven Halls.
 27449 | Orc:2    | Reached XP level 14. HP: 93/93 MP: 11/37
 28346 | Orc:2    | Found Posmonk's General Store.
 28424 | Orc:2    | Bought a scroll of identify for 24 gold pieces
 28424 | Orc:2    | Bought a scroll of identify for 24 gold pieces
 28424 | Orc:2    | Bought a potion of magic for 96 gold pieces
 28424 | Orc:2    | Bought a potion of curing for 36 gold pieces
 28678 | Orc:2    | Found Icomiawk's Weapon Shoppe.
 28812 | Orc:2    | Noticed an orc warlord
 28881 | Orc:1    | Killed an orc warlord
 29136 | Orc:2    | Found Lexziudi's Antique Armour Emporium.
 29138 | Orc:2    | Found Wiquxuri's Antique Weapon Shoppe.
 29225 | Orc:2    | Found a large runed translucent door.
 29225 | Orc:2    | Found a large runed translucent door.
 29231 | Orc:2    | Noticed IndexError's ghost (journeyman DrCj)
 29501 | Orc:2    | Killed IndexError's ghost
 29723 | D:9      | Acquired 487 gold pieces
 29725 | D:9      | Acquired a +0 hat of intelligence
 29749 | D:9      | Learned a level 8 spell: Lehudib's Crystal Spear
 30227 | D:13     | Reached skill level 10 in Earth Magic
 31004 | D:13     | Reached skill level 16 in Conjurations
 31387 | D:13     | Reached skill level 1 in Armour
 32014 | D:14     | Noticed Jorgrun
 32024 | D:14     | Killed Jorgrun
 32658 | D:14     | Found a gate to the Vaults.
 33774 | D:15     | Entered Level 15 of the Dungeon
 34223 | D:15     | Found a staircase to the Depths.
 35210 | D:15     | Reached skill level 15 in Spellcasting
 35210 | D:15     | Reached XP level 15. HP: 99/99 MP: 26/39
 35713 | D:15     | Noticed Louise
 35893 | D:15     | Killed Louise
 36595 | D:15     | Acquired the ring "Jibeib" {rElec EV+5 Str+2 Int+6 Dex-2}
 36608 | D:15     | Acquired the amulet "Billeorch" {RegenMP Harm Rampage rF+}
 36622 | D:15     | Acquired 1023 gold pieces
 36772 | Shoals:1 | Entered Level 1 of the Shoals
 36874 | Shoals:1 | Found a runed translucent door.
 36875 | Shoals:1 | Noticed Peloso's ghost (adept MiFi)
 37675 | Shoals:1 | Killed from afar by a wind drake

Illustrated notes

Levels and vault maps discovered:
D:1:      sevenhm_arrival_forest_fort_small_4, layout_basic,
          hellmonk_ecumenical_altar_lost_god
D:2:      layout_loops_corners, basic_altar, uniq_natasha, uniq_jessica
D:3:      layout_basic, minivault_14
D:4:      layout_basic, minmay_temple_entry_butterflies, st_stairs_2,
          hangedman_abyss_or_decor_slice
D:5:      layout_gridville, uniq_sigmund, uniq_menkaure, uniq_grinder,
          uniq_pikel
D:6:      layout_loops_ring, trog_ov_bears_minmay
D:7:      layout_basic
D:8:      layout_rooms, enter_ossuary_4, serial_shops, shop
D:9:      layout_cave_pools, mainiacjoe_overflow_boulevard,
          chequers_temple_overflow_statue_of_worship, david_orc_5, serial_shops,
          nicolae_shop_getting_attention, minivault_24, lightli_corner_chamber,
          uniq_maggie
D:10:     layout_basic, hellmonk_lair_entry_icy, roderic_roman_lattice
D:11:     layout_long_grid, columned_hall_lemuel, nzn_wu_jian_council_hall
D:12:     layout_loops_ring, portal_ice_cave_entry_pillars_1,
          lemuel_zombie_altar_yredelemnul
D:13:     layout_grid_maze, beargit_hepliaklqana_dungeon_heroes
D:14:     layout_rooms, erik_vaults_2, corexii_hall_statues_deadend,
          special_room [special_room_bee], serial_glass, glass_columns_a,
          glass_columns_b, drop_trap, uniq_jorgrun
D:15:     gammafunk_depths_entry_grave, layout_gridville, minmay_crystal_water,
          special_room [special_room_orc], uniq_louise
Lair:1:   layout_roguey
Lair:2:   layout_misc_corridors, spider_nest_entry_web_field, special_room,
          infiniplex_staircase_pool_2, grunt_megastairs_1
Lair:3:   layout_regular_city, elwin_shoals_entry_stream
Lair:4:   layout_long_grid, slime_entry_1, nicolae_volcano_entry_two_sided,
          gammafunk_ghost_arena, serial_bayou_lagoon_b
Lair:5:   minmay_lair_end_enchanted_forest, layout_gridlike,
          ebering_ghost_rock_garden, grunt_megastairs_3, lemuel_fruit_fields,
          infiniplex_staircase_pool
Shoals:1: layout_shoals, gammafunk_ghost_grave
Orc:1:    layout_caves, nicolae_orc_pool_cavern
Orc:2:    grunt_orc_community_town_hall, layout_caves,
          grunt_orc_community_big_house_2, grunt_orc_community_big_house_1,
          grunt_orc_community_house_2, grunt_orc_community_house_1,
          grunt_orc_community_house_3, grunt_orc_community_house_1,
          ebering_ghost_disaster_area

Skill      XL: |  1  2  3  4  5  6  7  8  9 10 11 12 13 14 |
---------------+-------------------------------------------+-----
Spellcasting   | 2 3 4 6 7 9 10 12 13 14 15 | 15.4
Conjurations   | 4 5 6 7 8 10 12 13 14 15 16 | 16.9
Earth Magic    | 4 7 9 11 | 11.8
Armour         | 4 |  4.0
Dodging        | |  1.7
Stealth        | |  1.7

Action                     |  1- 3 |  4- 6 |  7- 9 | 10-12 | 13-15 || total
---------------------------+-------+-------+-------+-------+-------++-------
  Melee: Staff             |    11 |       |    21 |    17 |    41 ||    90
         Punch             |       |       |       |       |     1 ||     1
   Cast: Magic Dart        |    88 |    69 |   182 |   316 |   450 ||  1105
         Searing Ray       |       |    15 |    63 |    93 |    67 ||   238
         Iskenderun's Myst |       |       |    12 |   156 |   224 ||   392
         Freezing Cloud    |       |       |       |    35 |   151 ||   186
         Lee's Rapid Decon |       |       |       |     3 |    98 ||   101
         Petrify           |       |       |       |     2 |     2 ||     4
  Evoke: Wand              |       |       |     5 |    26 |    10 ||    41
    Use: Potion            |       |       |       |     1 |     1 ||     2
         Scroll            |       |       |       |    12 |    10 ||    22
 Armour: Robe              |    12 |     2 |    20 |    29 |       ||    63
         Leather armour    |       |       |       |    10 |    85 ||    95
  Dodge: Dodged            |    26 |    12 |    84 |   142 |   133 ||   397
